 Dungeon Crawl Stone Soup version 0.22.0-27-ga576289 (webtiles) character file.

127433 kuniqs the Fetichist (level 16, -1/152 HPs)
             Began as a Deep Dwarf Fighter on Aug 21, 2018.
             Was the Champion of Makhleb.
             Slain by a naga mage
             ... wielding a +0 halberd
              (5 damage)
             ... on level 2 of the Snake Pit on Aug 22, 2018.
             The game lasted 00:39:44 (19551 turns).

kuniqs the Fetichist (Deep Dwarf Fighter)          Turns: 19551, Time: 00:39:45

Health: -1/152     AC: 24    Str: 25    XL:     16   Next: 46%
Magic:  3/11       EV: 11    Int: 11    God:    Makhleb [******]
Gold:   1326       SH: 20    Dex: 12    Spells: 15/15 levels left

rFire    + . .     SeeInvis .   F - +6 broad axe (drain)
rCold    x . .     Gourm    .   c - +0 large shield
rNeg     + + .     Faith    .   p - +1 plate armour {rN+}
rPois    .         Spirit   .   y - +0 helmet
rElec    .         Reflect  .   k - +0 cloak
rCorr    .         Harm     .   B - +0 pair of gloves
MR       ++...                  o - +1 pair of boots
Stlth    ..........             g - amulet of the acrobat
HPRegen  0.00/turn              L - ring of fire
MPRegen  0.12/turn              a - +4 ring of evasion

@: lethally poisoned (-1 -> -58), non-regenerating, constricted
A: damage resistance, heal wounds, negative energy resistance 1, sense
surroundings 2, no regeneration
a: Heal Wounds, Minor Destruction, Lesser Servant of Makhleb, Major Destruction,
Greater Servant of Makhleb, Renounce Religion


You were on level 2 of the Snake Pit.
You worshipped Makhleb.
Makhleb was exalted by your worship.
You were not hungry.

You visited 5 branches of the dungeon, and saw 26 of its levels.
You also visited: Ice Cave and Volcano.

You collected 2599 gold pieces.
You spent 1273 gold pieces at shops.

Inventory:

Hand Weapons
 F - a +6 broad axe of draining (weapon)
Missiles
 m - a throwing net (quivered)
Armour
 c - a +0 large shield (worn)
 k - a +0 cloak (worn)
 o - a +1 pair of boots (worn)
 p - a +1 plate armour of positive energy (worn)
 y - a +0 helmet (worn)
 B - a +0 pair of gloves (worn)
Jewellery
 a - a +4 ring of evasion (right hand)
 g - an amulet of the acrobat (around neck)
 L - a ring of fire (left hand)
 T - an uncursed ring of protection from cold
Wands
 l - a wand of acid (10)
 q - a wand of disintegration (1)
 H - a wand of polymorph (24)
 I - a wand of iceblast (37)
 J - a wand of clouds (20)
 R - a wand of paralysis (15)
Scrolls
 b - a scroll of holy word
 h - 2 scrolls of blinking
 i - 7 scrolls of teleportation
 r - 2 scrolls of immolation
 w - 2 scrolls of fear
 z - 12 scrolls of remove curse {@r2}
 A - 2 scrolls of enchant armour
 E - a scroll of fog
 O - a scroll of vulnerability
Potions
 d - 6 potions of might
 e - 2 potions of invisibility
 j - 2 potions of haste
 n - 11 potions of heal wounds
 s - 2 potions of flight
 t - 7 potions of curing {@q1}
 x - a potion of resistance
 C - 4 potions of lignification
 D - a potion of cancellation
 K - 3 potions of mutation
 N - 3 potions of agility
Comestibles
 f - 39 rations
 v - 6 chunks of flesh


   Skills:
 + Level 12.1 Fighting
 + Level 13.9 Axes
 + Level 14.1 Armour
 - Level 10.0 Dodging
 + Level 14.0 Shields
 - Level 8.0 Invocations
 + Level 15.2 Evocations


You had 15 spell levels left.
You didn't know any spells.
Your spell library was empty.

Dungeon Overview and Level Annotations

Branches:
Dungeon (15/15)            Temple (1/1) D:7            Lair (6/6) D:11
 Shoals (0/4) Lair:4        Snake (2/4) Lair:3        Slime (0/5) Lair:5
    Orc (2/2) D:10            Elf (0/3) Orc:2        Vaults (0/5) D:13
 Depths (0/5) D:15

Altars:
Ashenzari
Cheibriados
Dithmenos
Fedhas
Kikubaaqudgha
Makhleb
Okawaru
Qazlal
Sif Muna
Vehumet
Wu Jian
Xom
Yredelemnul
Zin
The Shining One
Beogh

Shops:
D:11 }   Orc:2 *(}%

Annotations:
D:6 exclusions: electric eel and 2 more exclusions
D:8 2 transporters
Lair:2 exclusion: 2 oklob plants
Snake:1 1 runed door, Enish's ghost, journeyman VSAK
Snake:2 Vashnia


Innate Abilities, Weirdness & Mutations

You are resistant to damage.
You can heal yourself by infusing magical energy.
You resist negative energy. (rN+)
You passively map the area around you.
You do not regenerate.


Message History

* * * LOW HITPOINT WARNIN'
* * * Tha anaconda bites ye but does nay damage.
Tha anaconda constricts ye.
Tha naga sharpshooter casts a spell.
Tha naga sharpshooter magic'lly shoots a bolt.
Tha bolt hits ye.
Okay, than.
Ye feel much better.
* * * LOW HITPOINT WARNIN'
* * * Ye feel very sick.
Ye block tha black mamba's attack.
Tha mana viper bites ye.
Ye feel yer power leakin' away.
Ye block tha black mamba's attack.
Tha anaconda closely misses ye.
Tha anaconda constricts ye.
Tha naga sharpshooter mumbles some strange words.
Tha naga sharpshooter magic'lly shoots a bolt.
Tha bolt hits ye!!
* * * LOW HITPOINT WARNIN'
* * * Tha naga mage hits ye from afar wit' a halberd.
Ye die...

>,, * , , , ,,
, #.., ... ,, ,
, #..., ...,, ,
... ... , ,,,,
, , * *..., .N.
, , ,,*
##.###.### * *
,, #..#SN...#,
, ....*
#.N#SSN..#.,,,
, ....
#S@SN>.... ,
####..#
#N#S....#...,,
, , #[....#
##.#S....#....,
#.....#
#..###.###....
, #.....#
#.............
, , #.....#
#..#..........
, , #....<#
##............
#.....#
###..........
,, #....##
#.......... ,,


You could see Vashnia, 3 naga sharpshooters, an anaconda, a mana viper, a
guardian serpent, 4 black mambas, a naga mage and a naga.

Vanquished Creatures
  Asterion (Snake:1)
  Louise (D:15)
  An orc warlord (Orc:2)
  4 dire elephants (Lair:6)
  A vault guard (D:13)
  2 fire dragons (D:15)
  The ghost of Utric the Spear-Bearer, a journeyman MiGl of Okawaru (Lair:3)
  4 naga warriors (Snake:1)
  A catoblepas (D:14)
  5 anacondas
  A centaur warrior (D:14)
  7 hydras
  6 ogre magi
  26 two-headed ogres
  A shock serpent (Snake:1)
  2 naga sharpshooters (Snake:1)
  Nergalle (D:12)
  A hell knight (Volcano)
  3 skeletal warriors (D:13)
  A shadow wraith (D:13)
  3 unseen horrors
  A flayed ghost (D:15)
  A glowing orange brain (Snake:1)
  A sea snake (Snake:1)
  A naga ritualist (Snake:2)
  Pikel (D:7)
  5 orc knights
  A wolf spider zombie (D:15)
  2 mana vipers (Snake:1)
  2 deep elf magi
  An orc sorcerer (Orc:1)
  5 ugly things
  A necromancer (IceCv)
  A manticore (D:14)
  4 salamanders
  2 merfolk sirens (Lair:4)
  8 black mambas
  8 elephants
  7 naga magi
  2 cyclopes
  3 guardian serpents
  Joseph (D:9)
  4 centaur skeletons
  11 spiny frogs
  4 gargoyles
  4 rime drakes
  10 freezing wraiths (IceCv)
  2 kobold demonologists
  4 komodo dragons
  A queen bee (D:15)
  3 meliai (D:15)
  9 trolls
  2 merfolk (Lair:4)
  A polar bear (Lair:6)
  Prince Ribbit (D:9)
  18 blink frogs
  A dream sheep (Lair:5)
  15 hippogriffs
  3 meliai zombies
  15 slime creatures
  3 shadows
  38 yaks
  7 wyverns
  2 basilisks
  A wraith (D:12)
  A human (D:8)
  A golden eye (D:11)
  3 hungry ghosts
  3 hogs (D:8)
  A swamp worm (D:15)
  7 vampire mosquitoes
  9 nagas
  A soldier ant (D:13)
  4 wargs
  17 water moccasins
  A floating eye (D:15)
  17 orc warriors
  A black bear (D:9)
  14 porcupines
  4 phantoms
  An alligator simulacrum (IceCv)
  3 sky beasts
  4 slaves (D:5)
  9 ice beasts
  An eye of draining (D:9)
  2 necrophages
  35 ogres
  7 wolves
  10 centaurs
  16 crocodiles
  6 big kobolds
  15 bullfrogs
  5 scorpions
  An elephant simulacrum (IceCv)
  17 killer bees
  13 wights
  An electric eel (Snake:1)
  3 howler monkeys
  10 crimson imps
  A bullfrog zombie (D:13)
  2 centaur zombies
  A quasit (D:12)
  2 draconian simulacra (IceCv)
  6 jellies
  8 hounds
  15 orc priests
  25 orc wizards
  4 iguanas
  9 worker ants
  6 troll simulacra (IceCv)
  2 polar bear simulacra (IceCv)
  A spriggan simulacrum (IceCv)
  3 centaur simulacra (IceCv)
  A mummy (D:10)
  A howler monkey skeleton (D:6)
  18 adders
  3 gnolls (D:4)
  4 naga simulacra (IceCv)
  4 ogre simulacra (IceCv)
  12 white imps (IceCv)
  An ooze (D:1)
  An adder zombie (D:8)
  3 worms
  4 dart slugs
  4 leopard geckos
  92 orcs
  5 giant cockroaches
  6 goblins
  6 hobgoblins
  12 jackals
  4 quokkas
  A ball python (D:3)
  7 bats
  6 frilled lizards
  2 jackal skeletons
  A jackal zombie (D:5)
  20 kobolds
  A leopard gecko skeleton (D:7)
  5 rats
  6 fungi
  15 plants
863 creatures vanquished.

Vanquished Creatures (collateral kills)
  2 dire elephants (Lair:6)
  A hydra (Lair:5)
  3 elephants (Lair:6)
  A black mamba (Lair:5)
  A spiny frog (Lair:5)
  11 dream sheep (Lair:6)
  A plant (Lair:6)
20 creatures vanquished.

Vanquished Creatures (others)
  An anaconda (Snake:2)
  A two-headed ogre (Volcano)
  A naga (Snake:2)
  5 fungi
  9 plants
17 creatures vanquished.

Grand Total: 900 creatures vanquished

Notes
Turn   | Place    | Note
-------+----------+-------------------------------------------
     0 | D:1      | kuniqs the Deep Dwarf Fighter began the quest for the Orb.
     0 | D:1      | Reached XP level 1. HP: 20/20 MP: 1/1
    95 | D:1      | Reached XP level 2. HP: 20/27 MP: 2/2
   259 | D:1      | Reached skill level 1 in Dodging
   396 | D:1      | Reached XP level 3. HP: 22/34 MP: 3/3
  1077 | D:2      | Found a shadowy altar of Dithmenos.
  1275 | D:2      | Reached XP level 4. HP: 40/42 MP: 4/4
  1713 | D:3      | Found a radiant altar of Vehumet.
  2006 | D:3      | Found a stormy altar of Qazlal.
  2182 | D:4      | Noticed a phantom
  2214 | D:4      | Reached XP level 5. HP: 41/49 MP: 5/5
  2232 | D:4      | Killed a phantom
  2384 | D:4      | Reached XP level 6. HP: 40/56 MP: 6/6
  2402 | D:5      | Entered Level 5 of the Dungeon
  2556 | D:5      | Noticed a slave
  2556 | D:5      | Noticed a slave
  2557 | D:5      | Noticed Pikel
  2599 | D:5      | Killed a slave
  2607 | D:5      | Killed a slave
  2664 | D:5      | Reached XP level 7. HP: 49/64 MP: 6/6
  2674 | D:5      | Reached skill level 5 in Armour
  2697 | D:5      | Reached skill level 5 in Shields
  3272 | D:6      | Reached skill level 5 in Axes
  3272 | D:6      | Reached XP level 8. HP: 48/73 MP: 7/7
  3557 | D:6      | Reached skill level 1 in Evocations
  4070 | D:7      | Reached skill level 5 in Fighting
  4074 | D:7      | Reached skill level 2 in Evocations
  4081 | D:7      | Reached skill level 5 in Dodging
  4191 | D:7      | Found a staircase to the Ecumenical Temple.
  4194 | D:7      | Reached skill level 3 in Evocations
  4201 | Temple   | Entered the Ecumenical Temple
  4227 | Temple   | Became a worshipper of Makhleb the Destroyer
  4346 | D:7      | Gained mutation: You passively map the area around you. [Deep Dwarf growth]
  4346 | D:7      | Reached XP level 9. HP: 75/81 MP: 7/7
  4351 | D:7      | Reached skill level 1 in Invocations
  4473 | D:7      | Killed Pikel
  4494 | D:7      | Reached skill level 4 in Evocations
  4501 | D:7      | Found a shattered altar of Ashenzari.
  5357 | D:8      | Found a snail-covered altar of Cheibriados.
  5512 | D:8      | Got an ichor-stained flail
  5513 | D:8      | Identified the +1 flail of Crawling {flame, +Fly rN+ Dex+3} (You found it on level 8 of the Dungeon)
  5592 | D:8      | Found an ornate altar of the Wu Jian Council.
  5592 | D:8      | Noticed a centaur warrior
  5594 | D:8      | Noticed a red ugly thing
  5597 | D:8      | Found a transporter.
  5699 | D:8      | Found a transporter.
  5811 | D:8      | You fall through a shaft for 2 floors!
  5811 | D:10     | Entered Level 10 of the Dungeon
  5894 | D:10     | Noticed a two-headed ogre
  5917 | D:9      | Noticed Prince Ribbit
  5923 | D:9      | Reached skill level 5 in Evocations
  5929 | D:9      | Reached * piety under Makhleb
  5975 | D:9      | Killed Prince Ribbit
  5976 | D:9      | Reached XP level 10. HP: 78/91 MP: 9/9
  5993 | D:9      | Noticed Joseph
  6024 | D:9      | Killed Joseph
  6458 | D:9      | Noticed a two-headed ogre
  6461 | D:9      | Reached skill level 6 in Evocations
  6490 | D:9      | Killed a two-headed ogre
  6490 | D:9      | Reached skill level 5 in Invocations
  6663 | D:9      | Noticed a brown ugly thing
  6669 | D:9      | Killed a brown ugly thing
  6696 | D:9      | Found a blossoming altar of Fedhas.
  6696 | D:9      | Found a glowing silver altar of Zin.
  6697 | D:9      | Found a deep blue altar of Sif Muna.
  6848 | D:10     | Reached XP level 11. HP: 73/99 MP: 11/11
  6898 | D:10     | Found a roughly hewn altar of Beogh.
  6898 | D:10     | Found a staircase to the Orcish Mines.
  6899 | D:10     | Noticed an orc knight
  6916 | D:10     | Killed an orc knight
  6916 | D:10     | Reached skill level 7 in Evocations
  6920 | D:10     | Reached ** piety under Makhleb
  7571 | D:11     | Reached *** piety under Makhleb
  7581 | D:11     | Found a staircase to the Lair.
  7742 | D:11     | Paralysed by a hornet for 2 turns
  7770 | D:11     | Found Zueziph's Gadget Emporium.
  7787 | D:11     | Bought a wand of iceblast (7) for 154 gold pieces
  7787 | D:11     | Bought a wand of clouds (8) for 504 gold pieces
  7905 | D:11     | Reached skill level 8 in Evocations
  8084 | D:12     | Noticed a two-headed ogre
  8101 | D:12     | Killed a two-headed ogre
  8135 | D:12     | Found a frozen archway.
  8156 | IceCv    | Entered an ice cave
  8167 | IceCv    | Reached **** piety under Makhleb
  8311 | IceCv    | Reached XP level 12. HP: 86/110 MP: 13/13
  8379 | IceCv    | Found an ancient bone altar of Kikubaaqudgha.
  8537 | IceCv    | Reached ***** piety under Makhleb
  8540 | IceCv    | Reached skill level 9 in Evocations
  8695 | D:12     | Noticed a two-headed ogre
  8724 | D:12     | Killed a two-headed ogre
  8744 | D:12     | Noticed Nergalle
  8769 | D:12     | Killed Nergalle
  9270 | D:12     | Reached skill level 10 in Armour
  9454 | Lair:1   | Entered Level 1 of the Lair of Beasts
  9551 | Lair:1   | Reached skill level 10 in Shields
  9738 | Lair:1   | Noticed a five-headed hydra
  9745 | Lair:1   | Killed a five-headed hydra
 10359 | Lair:2   | Reached skill level 10 in Evocations
 10474 | Lair:2   | Noticed a seven-headed hydra
 10487 | Lair:2   | Killed a seven-headed hydra
 10495 | Lair:2   | Reached skill level 10 in Axes
 10730 | Lair:2   | Reached XP level 13. HP: 115/118 MP: 9/9
 11123 | Lair:3   | Found a dark tunnel.
 11141 | Volcano  | Entered a volcano
 11179 | Volcano  | Found a burning altar of Makhleb.
 11214 | Volcano  | Reached skill level 10 in Dodging
 11525 | Lair:3   | Reached ****** piety under Makhleb
 11541 | Lair:3   | Found a staircase to the Snake Pit.
 11931 | Lair:3   | Found a runed gate.
 11931 | Lair:3   | Found a runed gate.
 11931 | Lair:3   | Found a runed gate.
 11932 | Lair:3   | Noticed Utric's ghost (journeyman MiGl)
 11974 | Lair:3   | Killed Utric's ghost
 11974 | Lair:3   | Reached skill level 11 in Evocations
 12268 | Lair:4   | Found a staircase to the Shoals.
 12878 | Lair:5   | Found a staircase to the Slime Pits.
 13094 | Lair:5   | Gained mutation: You resist negative energy. (rN+) [Deep Dwarf growth]
 13094 | Lair:5   | Reached XP level 14. HP: 130/130 MP: 11/11
 13521 | Lair:5   | Reached skill level 10 in Fighting
 13521 | Lair:5   | Reached skill level 12 in Evocations
 13573 | Lair:6   | Entered Level 6 of the Lair of Beasts
 15047 | D:13     | Reached skill level 13 in Evocations
 15328 | D:13     | Found a gate to the Vaults.
 15618 | D:13     | Reached XP level 15. HP: 140/140 MP: 11/11
 16522 | D:15     | Entered Level 15 of the Dungeon
 16522 | D:15     | Noticed Nessos
 16524 | D:15     | Noticed Nessos
 16524 | D:15     | Nessos changed into Nessos the floating eye
 16526 | D:15     | Paralysed by Nessos for 4 turns
 16530 | D:15     | Killed Nessos the floating eye
 16562 | D:15     | Noticed Louise
 16577 | D:15     | Killed Louise
 17233 | D:15     | Found a staircase to the Depths.
 17533 | Orc:1    | Entered Level 1 of the Orcish Mines
 17620 | Orc:1    | Reached skill level 14 in Evocations
 17830 | Orc:2    | Entered Level 2 of the Orcish Mines
 18116 | Orc:2    | Noticed an orc warlord
 18156 | Orc:2    | Killed an orc warlord
 18272 | Orc:2    | Reached XP level 16. HP: 128/152 MP: 12/12
 18303 | Orc:2    | Found Vulaehie's Food Emporium.
 18303 | Orc:2    | Found Fuidima's Gadget Boutique.
 18309 | Orc:2    | Found Dusekeke's Antique Weapon Boutique.
 18309 | Orc:2    | Found Ingiengi's Assorted Antiques.
 18321 | Orc:2    | Bought a wand of paralysis (17) for 247 gold pieces
 18321 | Orc:2    | Bought a wand of iceblast (4) for 104 gold pieces
 18324 | Orc:2    | Bought a potion of might for 88 gold pieces
 18324 | Orc:2    | Bought a slimy spear for 176 gold pieces
 18324 | Orc:2    | Identified the +9 spear "Hagunn" {pain, +Inv MP+9} (You bought it in a shop on level 2 of the Orcish Mines)
 18431 | Orc:2    | Found a staircase to the Elven Halls.
 18722 | Snake:1  | Entered Level 1 of the Snake Pit
 19017 | Snake:1  | Noticed Asterion
 19041 | Snake:1  | Killed Asterion
 19041 | Snake:1  | Reached skill level 15 in Evocations
 19116 | Snake:1  | Found the wizard robe
 19402 | Snake:1  | Found a runed door.
 19403 | Snake:1  | Noticed Enish's ghost (journeyman VSAK)
 19516 | Snake:2  | Found a shimmering altar of Xom.
 19536 | Snake:2  | Noticed Vashnia
 19549 | Snake:2  | HP: 7/152 [guardian serpent/bolt of poison (28)]
 19551 | Snake:2  | Slain by a naga mage

Skill      XL: |  1  2  3  4  5  6  7  8  9 10 11 12 13 14 15 16 |
---------------+-------------------------------------------------+-----
Dodging        | 1 2 3 4 5 6 7 8 9 10 | 10.0
Fighting       | 3 4 5 6 7 8 9 10 11 12 | 12.1
Axes           | 3 4 5 6 7 8 10 11 12 13 | 13.9
Armour         | 4 5 6 7 8 9 10 11 12 13 14 | 14.1
Shields        | 4 5 6 7 8 9 10 11 12 13 14 | 14.0
Evocations     | 3 5 6 8 10 11 13 14 15 | 15.2
Invocations    | 3 5 7 8 |  8.0

Action                   |  1- 3 |  4- 6 |  7- 9 | 10-12 | 13-15 | 16-18 || total
-------------------------+-------+-------+-------+-------+-------+-------++-------
Melee: War axe           |   108 |   108 |     7 |       |       |       ||   223
       Dagger            |       |   111 |    94 |    70 |       |       ||   275
       Hand axe          |       |       |   262 |   844 |  1525 |   199 ||  2830
       Broad axe         |       |       |       |       |    69 |   100 ||   169
Invok: Minor Destruction |       |       |       |    30 |    44 |       ||    74
       Lesser Servant of |       |       |       |       |    14 |     3 ||    17
 Abil: Heal Wounds       |     1 |     2 |     8 |    25 |    15 |     6 ||    57
Evoke: Wand              |       |       |    13 |     9 |    17 |     5 ||    44
  Use: Scroll            |       |     6 |     3 |    12 |     9 |     4 ||    34
       Potion            |       |       |       |     2 |     4 |       ||     6
 Stab: Paralysed         |       |       |     2 |       |     9 |    13 ||    24
       Distracted        |       |       |       |       |     3 |       ||     3
       Petrified         |       |       |       |       |    10 |       ||    10
  Eat: Chunk             |     1 |     5 |    15 |    14 |    30 |     1 ||    66
       Ration            |       |       |       |     1 |       |     2 ||     3
Armor: Scale mail        |    51 |    88 |    73 |       |       |       ||   212
       Plate armour      |       |       |    84 |   511 |   622 |   103 ||  1320
Dodge: Dodged            |    38 |    70 |    87 |   335 |   544 |    87 ||  1161
Block: Shield            |    67 |   113 |   157 |   603 |   577 |       ||  1517
       Large shield      |       |       |       |       |   584 |   290 ||   874
